 Dungeon Crawl Stone Soup version 0.26.0-10-g1f06aea511 (webtiles) character file.

Game seed: 15911913246234116063

144 Borgoz the Slasher (level 5, 0/41 HPs)
             Began as a Ghoul Gladiator on Jan 13, 2021.
             Slain by an ufetubus (1 damage)
             ... summoned by Eustachio
             ... on level 4 of the Dungeon.
             The game lasted 00:01:37 (2656 turns).

Borgoz the Slasher (Ghoul Gladiator)                Turns: 2656, Time: 00:01:38

Health: 0/41       AC:  4    Str: 19      XL:     5   Next: 27%
Magic:  4/4        EV: 12    Int:  3      God:
Gold:   182        SH:  0    Dex:  8 (10) Spells: 4/4 levels left

rFire    . . .     SeeInvis .   a - +0 long sword
rCold    + . .     Faith    .   (no shield)
rNeg     + + +     Spirit   .   b - +0 leather armour
rPois    ∞         Reflect  .   c - +0 helmet
rElec    .         Harm     .   (no cloak)
rCorr    .         Rampage  .   (no gloves)
Will     .....                  (no boots)
Stlth    +.........             (no amulet)
HPRegen  0.00/turn              (no ring)
MPRegen  0.09/turn              (no ring)

@: hasted, very quick
A: claws 1, cold resistance 1, negative energy resistance 3, inhibited
regeneration, torment resistance, unbreathing
a: no special abilities


You were on level 4 of the Dungeon.
You visited 1 branch of the dungeon, and saw 4 of its levels.

You collected 182 gold pieces.

Inventory:

Hand Weapons
 a - a +0 long sword (weapon)
Missiles
 d - 2 throwing nets (quivered)
Armour
 b - a +0 leather armour (worn)
 c - a +0 helmet (worn)
Wands
 q - a wand of polymorph (6)
Scrolls
 f - a scroll of remove curse {unknown}
 h - a scroll of enchant armour {unknown}
 j - a scroll of blinking {unknown}
 l - 2 scrolls of amnesia {unknown}
 n - 3 scrolls of identify {unknown}
 p - 3 scrolls of teleportation {unknown}
 u - a scroll of noise {unknown}
 w - a scroll of fog {unknown}
Potions
 e - 2 potions of lignification
 g - 3 potions of curing {unknown}
 i - a potion of magic {unknown}
 k - a potion of might {unknown}
 m - 2 potions of brilliance {unknown}
 o - a potion of degeneration {unknown}
 r - a potion of haste
 s - a potion of invisibility {unknown}
 t - a potion of resistance {unknown}
 v - a potion of attraction {unknown}


   Skills:
 - Level 2.1 Fighting
 * Level 4.2 Long Blades
 - Level 1.7 Throwing
 + Level 1.9 Armour
 + Level 3.4 Dodging


You had 4 spell levels left.
You didn't know any spells.
Your spell library was empty.

Dungeon Overview and Level Annotations

Branches:
Dungeon (4/15)
 Temple: D:4-7

Altars:
Cheibriados
Hepliaklqana
The Shining One

Annotations:
D:4 Eustachio


Innate Abilities, Weirdness & Mutations

You thrive by killing the living.
You are immune to poison.
You have sharp fingernails.
Your flesh is cold resistant. (rC+)
You are immune to negative energy. (rN+++)
You do not regenerate when monsters are visible.
You are immune to unholy pain and torment.
You can survive without breathing.


Message History

The quasit closely misses you. x2; The ufetubus hits you.
* * * LOW HITPOINT WARNING * * *
The ufetubus hits you but does no damage.
The iron imp barely misses you. The quasit closely misses you.
The quasit barely misses you.
The quasit claws you but does no damage.
The dart slug launches a dart at you. The slug dart misses you.
The ufetubus closely misses you. The ufetubus barely misses you.
Unknown command.
Okay, then.
It was a potion of haste.
You feel yourself speed up.
The quasit bites you but does no damage.
The quasit closely misses you. The quasit claws you.
* * * LOW HITPOINT WARNING * * *
You feel clumsy. The ufetubus hits you.
* * * LOW HITPOINT WARNING * * *
The ufetubus hits you.
You die...

#...#######
#.[.......#
#.........#
#.........#
#.........#
.......@..#
#....w55.# #@# #5#
########## #.#
#........#
#.####.####........#
#..................#
######.####........#
#....#.########
#####....#
.........#


You could see Eustachio, an iron imp (summoned), a quasit (summoned), a dart
slug and an ufetubus (summoned).

Vanquished Creatures
  A jelly (D:3)
  Natasha (D:4)
  Terence (D:2)
  2 adders
  An ooze (D:2)
  2 worms
  A dart slug (D:3)
  A leopard gecko (D:2)
  A goblin (D:1)
  3 hobgoblins
  6 jackals (D:3)
  3 quokkas (D:2)
  3 bats
  2 frilled lizards
  7 kobolds
  6 rats
41 creatures vanquished.

Notes
Turn   | Place    | Note
-------+----------+-------------------------------------------
     0 | D:1      | Borgoz the Ghoul Gladiator began the quest for the Orb.
     0 | D:1      | Reached XP level 1. HP: 17/17 MP: 0/0
   526 | D:1      | Reached XP level 2. HP: 24/24 MP: 1/1
   532 | D:1      | Reached skill level 3 in Long Blades
   816 | D:2      | Found a snail-covered altar of Cheibriados.
  1043 | D:2      | Noticed Terence
  1060 | D:2      | Killed Terence
  1061 | D:2      | Reached skill level 1 in Armour
  1061 | D:2      | Reached XP level 3. HP: 7/29 MP: 2/2
  1580 | D:2      | Found a hazy altar of Hepliaklqana.
  1768 | D:3      | Reached XP level 4. HP: 32/36 MP: 3/3
  1981 | D:3      | Found a glowing golden altar of the Shining One.
  2123 | D:3      | Reached skill level 4 in Long Blades
  2362 | D:4      | Noticed Natasha
  2375 | D:4      | Killed Natasha
  2376 | D:4      | Reached XP level 5. HP: 26/41 MP: 4/4
  2643 | D:4      | Noticed Eustachio
  2656 | D:4      | HP: 2/41 [quasit[Eustachio] (1)]
  2656 | D:4      | Slain by an ufetubus

Illustrated notes

Levels and vault maps discovered:
D:1:      dpeg_arrival_fog, layout_basic
D:2:      layout_basic, old_standard_altar, lemuel_crystal_altar, uniq_terence
D:3:      layout_rooms, tso_altar
D:4:      layout_basic, uniq_natasha, uniq_menkaure, uniq_eustachio

Skill      XL: |  1  2  3  4 |
---------------+-------------+-----
Long Blades    | 3 4 |  4.2
Armour         | 1 |  1.9
Dodging        | 3 |  3.4
Fighting       | |  2.1
Throwing       | |  1.7

Action                   |  1- 3 |  4- 6 || total
-------------------------+-------+-------++-------
Melee: Long sword        |    58 |    61 ||   119
Throw: Throwing net      |     1 |     1 ||     2
  Use: Potion            |       |     2 ||     2
Armor: Leather armour    |    18 |    45 ||    63
Dodge: Dodged            |    44 |    91 ||   135
       Rpst.: Long sword |    21 |    27 ||    48
